 Dungeon Sprint DCSS version 0.14-a0-2810-g474977d (webtiles) character file.

5791 Froboctopus the Martial Artist (level 10, -6/87 (89) HPs)
             Began as a Demonspawn Monk on Feb 25, 2014.
             Was the Champion of Jiyva.
             Mangled by Snorg (21 damage)
             ... in the Dungeon (Sprint V: "Ziggurat Sprint").
             The game lasted 00:14:28 (478 turns).

Froboctopus the Martial Artist (Demonspawn Monk)     Turns: 478, Time: 00:14:28

HP  -6/87 (89)   AC 10     Str 28      XL: 10   Next: 50%
MP   0/10        EV 25     Int 11      God: Jiyva [******]
Gold 0           SH  0     Dex 19      Spells:  0 memorised,  9 levels left

rFire  . . .     SeeInvis .       - Unarmed
rCold  . . .     Clarity  .     F - mottled dragon hide
rNeg   + . .     Conserve .     (no shield)
rPois  .         rCorr    +     (helmet restricted)
rElec  .         rRot     .     (no cloak)
SustAb . .       Spirit   +     (no gloves)
rMut   .         Warding  .     D - +0 pair of orc boots {+Jump}
Saprov . . .     NoTele   +     G - amulet of rage
MR     .....                    r - +6 ring of strength
                                q - +6 ring of strength

@: drained, not resistant to hostile enchantments, fairly stealthy
A: horns 2, iridescent scales 2, agile 1, blink 1, deterioration 1, life
protection 1, powered by death 1, strong 1, acidic bite, eyeballs 2, gelatinous
body 3, pseudopods 1, jelly sensing items, magic shield
a: Blink, Request Jelly, Jelly Paralyse, Slimify, Cure Bad Mutation, Renounce
Religion, Evoke Berserk Rage, Evoke Jump Attack


You were in the Dungeon.
You worshipped Jiyva.
Jiyva was exalted by your worship.
You were completely stuffed.

You visited 1 branch

Inventory:

Missiles
 s - 400 bolts
Armour
 D - a +0 pair of orcish boots of jumping (worn)
 F - a mottled dragon hide (worn)
Magical devices
 i - a wand of disintegration (7)
 j - a wand of fire (5)
 k - a wand of cold (5)
 l - a wand of draining (5)
Comestibles
 b - 5 bread rations
 B - 42 strawberries
 C - 4 meat rations
Scrolls
 h - 4 scrolls of blinking
 v - 4 scrolls of amnesia
 w - 3 scrolls of recharging
 x - 7 scrolls of fog
 y - 5 scrolls of identify
 z - 5 scrolls of remove curse
 A - 2 scrolls of fear
Jewellery
 q - a +6 ring of strength (left hand)
 r - a +6 ring of strength (right hand)
 G - an amulet of rage (around neck)
Potions
 c - 10 potions of curing
 d - 10 potions of heal wounds
 e - 5 potions of speed
 f - 7 potions of magic
 g - 2 potions of berserk rage
 m - 2 potions of brilliance
 n - 2 potions of invisibility
 o - 2 potions of restore abilities
 p - 4 potions of resistance
 t - 5 potions of agility
 u - 5 potions of might


   Skills:
 + Level 11.6(11.4) Fighting
 * Level 14.5(14.3) Dodging
 - Level 1.7(1.5) Stealth
 * Level 14.6(14.4) Unarmed Combat


You had 9 spell levels left.
You didn't know any spells.

Dungeon Overview and Level Annotations

Branches:
Dungeon (1/1)

Altars:
Ashenzari
Cheibriados
Dithmenos
Elyvilon
Fedhas
Kikubaaqudgha
Makhleb
Nemelex Xobeh
Okawaru
Sif Muna
Trog
Vehumet
Xom
Yredelemnul
Zin
The Shining One
Beogh
Jiyva
Lugonu

Annotations:
D Agnes, Crazy Yiuf, Eustachio, Kirke, Psyche, Purgy, Saint Roka, Sigmund, Snorg


Innate Abilities, Weirdness & Mutations

You have a pair of horns on your head.
You are mostly covered in iridescent scales (AC +6).
You resist negative energy.
You can steal the life force of nearby defeated enemies.
When hurt, damage is shared between your health and your magic reserves.
You are agile. (Dex +2)
You can translocate small distances at will.
Your body is slowly deteriorating.
Your muscles are strong. (Str +2)
You have acidic saliva.
Your body is mostly covered in golden eyeballs (Acc +5).
Your gelatinous body deflects attacks (AC +2, EV +2).
Armour fits poorly on your pseudopods.
You have a small jelly attached to you that senses nearby items.


Message History

Psyche drinks a potion.
Psyche is healed!
Eustachio gestures wildly while chanting.
Unknown command.
You pummel Psyche!! You bite Psyche!
Psyche is splashed with acid.
The acid corrodes Psyche's robe!
Psyche is almost dead.
Psyche laughs secretively.
Psyche drinks a potion.
Psyche is healed!
You hear a distant slurping noise.
You feel a little less hungry.
You feel your power returning.
You feel a little better.
Kirke casts a spell.
Purgy closely misses you. Purgy completely misses you.
Purgy claws you but does no damage.
Unknown command.
Unknown command.
You hit Psyche. You headbutt Psyche! You bite Psyche, but do no damage.
Psyche is heavily wounded.
Snorg bites you!
You die...

▓▓▓ ▓▓▓▓▓▓▓▓▓
▓...8©8 ▓...8©8..
▓..|[!|.| ▓..):)":.
▓..)5)=...▓..)::J).
▓...5.....▓........
▓..u@@....▓........
▓..o{.....▓..%.....
▓..T.u....▓........
▓.@▓...▓..▓........
▓.T@......▓.▓%[...▓
▓.........▓..%%....
▓▓▓▓▓▓▓▓▓▓▓▓▓▓▓▓▓▓▓
∆∆∆∆∆∆∆ ∆∆∆∆∆∆∆∆∆
∆∆∆∆ ∆ ∆∆∆∆∆∆∆ ∆∆∆∆
∆∆ ∆∆∆


You could see Saint Roka, Kirke, Snorg (berserk), a brown very ugly thing, a red
ugly thing, Eustachio, Psyche, Purgy, a crimson imp and a shadow imp.

Vanquished Creatures
  A hydra (D)
  3 death drakes (D)
  A black mamba (D)
  3 spriggans (D)
  2 grizzly bears (D)
  A yak (D)
  2 steam dragons (D)
  A naga (D)
  2 mottled dragons (D)
  A necrophage (D)
  2 wolves (D)
  A hell hound (D)
  3 black bears (D)
  An orc warrior (D)
  A water moccasin (D)
  2 giant frogs (D)
  2 orc priests (D)
  2 iguanas (D)
  A sheep (D)
  An adder (D)
  2 green rats (D)
  A giant mite (D)
  A white imp (D)
  2 shadow imps (D)
  2 orcs (D)
  A gnoll zombie (D)
  2 jackals (D)
  3 ball pythons (D)
  A bat (D)
  A goblin skeleton (D)
  A kobold skeleton (D)
50 creatures vanquished.

Vanquished Creatures (collateral kills)
  A jumping spider (D)
  A giant mite (D)
2 creatures vanquished.

Vanquished Creatures (others)
  A swamp dragon (D)
  A swamp drake (D)
  A jelly (D)
  An orc wizard (D)
  An ooze (D)
  A kobold skeleton (D)
6 creatures vanquished.

Grand Total: 58 creatures vanquished

Notes
Turn   | Place    | Note
--------------------------------------------------------------
     0 | D        | Froboctopus, the Demonspawn Monk, began the quest for the Orb.
     0 | D        | Reached XP level 1. HP: 18/18 MP: 1/1
     0 | D        | Found an ancient bone altar of Kikubaaqudgha.
     2 | D        | Found a white marble altar of Elyvilon.
     4 | D        | Found a sparkling altar of Nemelex Xobeh.
    13 | D        | Became a worshipper of Jiyva JynMoru the Shapeless
    13 | D        | Acquired Jiyva's first power
    13 | D        | Acquired Jiyva's second power
    17 | D        | Found a deep blue altar of Sif Muna.
    17 | D        | Found a burning altar of Makhleb.
    18 | D        | Found a bloodstained altar of Trog.
    21 | D        | Found an iron altar of Okawaru.
    35 | D        | Found a basalt altar of Yredelemnul.
    35 | D        | Found a radiant altar of Vehumet.
    39 | D        | Gained mutation: You have sharp fingernails. [Jiyva's grace]
    39 | D        | Acquired Jiyva's third power
    39 | D        | Lost mutation: You have sharp fingernails. [Jiyva's grace]
    39 | D        | Acquired Jiyva's fourth power
    39 | D        | Gained mutation: Thin tendrils of slime have grown from your body. [Jiyva's grace]
    39 | D        | Gained mutation: You heal slowly when monsters are visible. [Jiyva's grace]
    46 | D        | Found a shimmering altar of Xom.
    60 | D        | Lost mutation: You heal slowly when monsters are visible. [Jiyva's grace]
    60 | D        | Gained mutation: You can spit poison. [Jiyva's grace]
    63 | D        | Gained mutation: You have a slow metabolism. [Jiyva's grace]
    66 | D        | Lost mutation: You can spit poison. [Jiyva's grace]
    68 | D        | Gained mutation: Armour fits poorly on your pseudopods. [Jiyva's grace]
    71 | D        | Gained mutation: You are somewhat resistant to further mutation. [Jiyva's grace]
    74 | D        | Lost mutation: Armour fits poorly on your pseudopods. [Jiyva's grace]
    74 | D        | Gained mutation: You have a small jelly attached to you that senses nearby items. [Jiyva's grace]
    74 | D        | Gained mutation: You are covered in fur (AC +1). [Jiyva's grace]
    76 | D        | Gained mutation: You have a pair of small horns on your head. [Jiyva's grace]
    76 | D        | Lost mutation: You have a small jelly attached to you that senses nearby items. [Jiyva's grace]
    76 | D        | Gained mutation: You have a small jelly attached to you that senses nearby items. [Jiyva's grace]
    76 | D        | Gained mutation: You are resistant to hostile enchantments. [Jiyva's grace]
    76 | D        | Gained mutation: You are partially covered in iridescent scales (AC +4). [Jiyva's grace]
    76 | D        | Lost mutation: You have a slow metabolism. [Jiyva's grace]
    76 | D        | Gained mutation: Your spells are a little harder to cast, but a little more powerful. [Jiyva's grace]
    77 | D        | Lost mutation: Thin tendrils of slime have grown from your body. [Jiyva's grace]
    77 | D        | Lost mutation: You are resistant to hostile enchantments. [Jiyva's grace]
    78 | D        | Lost mutation: You are somewhat resistant to further mutation. [Jiyva's grace]
    78 | D        | Gained mutation: Your magical capacity is low (-10% MP). [Jiyva's grace]
    78 | D        | Gained mutation: You have a small jelly attached to you that may absorb incoming projectiles. [Jiyva's grace]
    80 | D        | Gained mutation: You have a fast metabolism. [Jiyva's grace]
    80 | D        | Lost mutation: You are covered in fur (AC +1). [Jiyva's grace]
    80 | D        | Lost mutation: You have a fast metabolism. [Jiyva's grace]
    80 | D        | Gained mutation: Your mind is acute. (Int +2) [Jiyva's grace]
    80 | D        | Gained mutation: Your skin is partially translucent. [Jiyva's grace]
    80 | D        | Gained mutation: You can spit poison. [Jiyva's grace]
    81 | D        | Lost mutation: You are partially covered in iridescent scales (AC +4). [Jiyva's grace]
    81 | D        | Lost mutation: Your spells are a little harder to cast, but a little more powerful. [Jiyva's grace]
    81 | D        | Gained mutation: You have a fast metabolism. [Jiyva's grace]
    81 | D        | Gained mutation: You have acidic saliva. [Jiyva's grace]
    81 | D        | Gained mutation: Your muscles are strong. (Str +2) [Jiyva's grace]
    81 | D        | Gained mutation: Your system is resistant to poisons. [Jiyva's grace]
    81 | D        | Lost mutation: You have acidic saliva. [Jiyva's grace]
    81 | D        | Gained mutation: You are resistant to hostile enchantments. [Jiyva's grace]
    81 | D        | Gained mutation: Your rubbery body absorbs attacks (AC +1). [Jiyva's grace]
    81 | D        | Gained mutation: Your body is partially covered in golden eyeballs (Acc +3). [Jiyva's grace]
    81 | D        | Gained mutation: Your flesh is heat resistant. [Jiyva's grace]
    82 | D        | Gained mutation: You can spit moderately strong poison. [Jiyva's grace]
    82 | D        | Gained mutation: Your pliable body absorbs attacks (AC +1, EV +1). [Jiyva's grace]
    82 | D        | Gained mutation: You have sharp toenails. [Jiyva's grace]
    83 | D        | Lost mutation: Your body is partially covered in golden eyeballs (Acc +3). [Jiyva's grace]
    83 | D        | Lost mutation: You are resistant to hostile enchantments. [Jiyva's grace]
    84 | D        | Lost mutation: You have a pair of small horns on your head. [Jiyva's grace]
    89 | D        | Lost mutation: You can spit moderately strong poison. [Jiyva's grace]
    93 | D        | Lost mutation: You have a fast metabolism. [Jiyva's grace]
    97 | D        | Gained mutation: You can translocate small distances at will. [Jiyva's grace]
   101 | D        | Gained mutation: Your gelatinous body deflects attacks (AC +2, EV +2). [Jiyva's grace]
   108 | D        | Lost mutation: Your skin is partially translucent. [Jiyva's grace]
   112 | D        | Gained mutation: Thin tendrils of slime have grown from your body. [Jiyva's grace]
   121 | D        | Lost mutation: Your magical capacity is low (-10% MP). [Jiyva's grace]
   126 | D        | Reached skill level 4 in Fighting
   126 | D        | Reached skill level 5 in Dodging
   126 | D        | Reached skill level 5 in Unarmed Combat
   126 | D        | Gained mutation: You can steal the life force of nearby defeated enemies. [demonic ancestry]
   126 | D        | Reached XP level 2. HP: 23/26 MP: 2/2
   133 | D        | Lost mutation: You can spit poison. [Jiyva's grace]
   142 | D        | Lost mutation: Your gelatinous body deflects attacks (AC +2, EV +2). [Jiyva's grace]
   145 | D        | Gained mutation: Your natural rate of healing is unusually fast. [Jiyva's grace]
   150 | D        | Entered arena 1.
   150 | D        | Noticed an iguana
   150 | D        | Noticed a giant frog
   151 | D        | Gained mutation: You can spit poison. [Jiyva's grace]
   153 | D        | Killed a giant frog
   153 | D        | Reached skill level 5 in Fighting
   153 | D        | Reached skill level 6 in Dodging
   153 | D        | Gained mutation: You are partially covered in iridescent scales (AC +4). [demonic ancestry]
   153 | D        | Reached XP level 3. HP: 33/33 MP: 3/3
   153 | D        | Reached XP level 4. HP: 39/39 MP: 4/4
   156 | D        | Killed an iguana
   158 | D        | Gained mutation: You passively map a small area around you. [Jiyva's grace]
   161 | D        | Gained mutation: You can spit moderately strong poison. [Jiyva's grace]
   165 | D        | Gained mutation: You are resistant to hostile enchantments. [Jiyva's grace]
   167 | D        | Entered arena 2.
   167 | D        | Noticed a jumping spider
   167 | D        | Lost mutation: You can spit moderately strong poison. [Jiyva's grace]
   171 | D        | Lost mutation: You can spit poison. [Jiyva's grace]
   177 | D        | Killed a jumping spider
   177 | D        | Reached skill level 7 in Dodging
   177 | D        | Reached skill level 8 in Unarmed Combat
   177 | D        | Reached XP level 5. HP: 44/47 MP: 5/5
   178 | D        | Gained mutation: Your body is partially covered in golden eyeballs (Acc +3). [Jiyva's grace]
   181 | D        | Lost mutation: You have a small jelly attached to you that senses nearby items. [Jiyva's grace]
   184 | D        | Lost mutation: You have a small jelly attached to you that may absorb incoming projectiles. [Jiyva's grace]
   185 | D        | Entered arena 3.
   185 | D        | Noticed a black bear
   185 | D        | Noticed a spriggan
   185 | D        | Noticed a spriggan
   185 | D        | Noticed a black bear
   187 | D        | Gained mutation: You have a pair of small antennae on your head. [Jiyva's grace]
   190 | D        | Identified the +9,+6 mace "Hoty" {crush, rF- Dex+1 Int+2 Stlth}
   190 | D        | Lost mutation: You are resistant to hostile enchantments. [Jiyva's grace]
   192 | D        | Gained mutation: You have a small jelly attached to you that may absorb incoming projectiles. [Jiyva's grace]
   192 | D        | Lost mutation: Your system is resistant to poisons. [Jiyva's grace]
   195 | D        | Gained mutation: You are resistant to electric shocks. [Jiyva's grace]
   196 | D        | Killed a spriggan
   196 | D        | Reached skill level 9 in Dodging
   196 | D        | Gained mutation: You are mostly covered in iridescent scales (AC +6). [demonic ancestry]
   196 | D        | Reached XP level 6. HP: 52/55 MP: 6/6
   200 | D        | Lost mutation: Your flesh is heat resistant. [Jiyva's grace]
   204 | D        | Gained mutation: Your gelatinous body deflects attacks (AC +2, EV +2). [Jiyva's grace]
   205 | D        | Killed a black bear
   205 | D        | Gained mutation: When hurt, damage is shared between your health and your magic reserves. [demonic ancestry]
   205 | D        | Reached XP level 7. HP: 59/61 MP: 7/7
   211 | D        | Gained mutation: Your body is mostly covered in golden eyeballs (Acc +5). [Jiyva's grace]
   214 | D        | Killed a black bear
   214 | D        | Reached skill level 10 in Unarmed Combat
   218 | D        | Killed a spriggan
   218 | D        | Reached skill level 10 in Dodging
   218 | D        | Lost mutation: Your muscles are strong. (Str +2) [Jiyva's grace]
   222 | D        | Lost mutation: Thin tendrils of slime have grown from your body. [Jiyva's grace]
   225 | D        | Entered arena 4.
   225 | D        | Noticed a necrophage
   229 | D        | Lost mutation: You passively map a small area around you. [Jiyva's grace]
   234 | D        | Killed a necrophage
   237 | D        | Lost mutation: You have sharp toenails. [Jiyva's grace]
   240 | D        | Lost mutation: You can translocate small distances at will. [Jiyva's grace]
   242 | D        | Entered arena 5.
   242 | D        | Noticed a hell hound
   243 | D        | Gained mutation: You can breathe flames. [Jiyva's grace]
   243 | D        | Lost mutation: Your mind is acute. (Int +2) [Jiyva's grace]
   246 | D        | Gained mutation: You tend to lose your temper in combat. [Jiyva's grace]
   247 | D        | Killed a hell hound
   247 | D        | Reached skill level 11 in Unarmed Combat
   247 | D        | Lost mutation: You have a pair of small antennae on your head. [demonic ancestry]
   247 | D        | Gained mutation: You have a pair of small horns on your head. [demonic ancestry]
   247 | D        | Reached XP level 8. HP: 66/69 MP: 8/8
   247 | D        | Gained mutation: You evolve. [Jiyva's grace]
   251 | D        | Lost mutation: You tend to lose your temper in combat. [Jiyva's grace]
   252 | D        | Lost mutation: Your natural rate of healing is unusually fast. [Jiyva's grace]
   256 | D        | Entered arena 6.
   256 | D        | Noticed an orc warrior
   256 | D        | Noticed an orc priest
   256 | D        | Noticed an orc wizard
   256 | D        | Noticed an orc priest
   256 | D        | Lost mutation: Your gelatinous body deflects attacks (AC +2, EV +2). [Jiyva's grace]
   256 | D        | Gained mutation: You have acidic saliva. [Jiyva's grace]
   258 | D        | Gained mutation: You have a slow metabolism. [Jiyva's grace]
   258 | D        | Lost mutation: You have a small jelly attached to you that may absorb incoming projectiles. [Jiyva's grace]
   262 | D        | Killed an orc priest
   262 | D        | Lost mutation: You have a slow metabolism. [Jiyva's grace]
   264 | D        | Lost mutation: You evolve. [Jiyva's grace]
   266 | D        | Killed an orc warrior
   266 | D        | Gained mutation: Your skin is partially translucent. [Jiyva's grace]
   268 | D        | Lost mutation: You have acidic saliva. [Jiyva's grace]
   269 | D        | Gained mutation: You can spit poison. [Jiyva's grace]
   270 | D        | Killed an orc priest
   273 | D        | Gained mutation: Thin tendrils of slime have grown from your body. [Jiyva's grace]
   277 | D        | Gained mutation: Your spells are a little harder to cast, but a little more powerful. [Jiyva's grace]
   279 | D        | Gained mutation: Your gelatinous body deflects attacks (AC +2, EV +2). [Jiyva's grace]
   279 | D        | Gained mutation: You have large cloven feet. [Jiyva's grace]
   280 | D        | Entered arena 7.
   280 | D        | Noticed a wolf
   280 | D        | Noticed a grizzly bear
   280 | D        | Noticed a grizzly bear
   280 | D        | Noticed a black bear
   280 | D        | Noticed a wolf
   280 | D        | Noticed a spriggan
   280 | D        | Lost mutation: Your spells are a little harder to cast, but a little more powerful. [Jiyva's grace]
   280 | D        | Lost mutation: Your body is mostly covered in golden eyeballs (Acc +5). [Jiyva's grace]
   280 | D        | Lost mutation: Thin tendrils of slime have grown from your body. [Jiyva's grace]
   281 | D        | Gained mutation: You have acidic saliva. [Jiyva's grace]
   283 | D        | Gained mutation: You are agile. (Dex +2) [Jiyva's grace]
   285 | D        | Lost mutation: You are agile. (Dex +2) [Jiyva's grace]
   288 | D        | Killed a spriggan
   290 | D        | Gained mutation: Your mind is acute. (Int +2) [Jiyva's grace]
   292 | D        | Killed a wolf
   301 | D        | Killed a grizzly bear
   304 | D        | Killed a black bear
   304 | D        | Reached skill level 12 in Unarmed Combat
   305 | D        | Killed a grizzly bear
   307 | D        | Lost mutation: Your mind is acute. (Int +2) [Jiyva's grace]
   309 | D        | Killed an orc wizard
   313 | D        | Lost mutation: Your skin is partially translucent. [Jiyva's grace]
   315 | D        | Lost mutation: You are resistant to electric shocks. [Jiyva's grace]
   317 | D        | Killed a wolf
   317 | D        | Gained mutation: You resist negative energy. [demonic ancestry]
   317 | D        | Reached XP level 9. HP: 76/78 MP: 9/9
   323 | D        | Entered arena 8.
   323 | D        | Noticed a brown ooze
   323 | D        | Noticed a jelly
   323 | D        | Noticed a golden eye
   323 | D        | Noticed a brown ooze
   323 | D        | Noticed a golden eye
   323 | D        | Noticed a jelly
   323 | D        | Gained mutation: Thin tendrils of slime have grown from your body. [Jiyva's grace]
   323 | D        | Gained mutation: Your body is mostly covered in golden eyeballs (Acc +5). [Jiyva's grace]
   323 | D        | Lost mutation: Your gelatinous body deflects attacks (AC +2, EV +2). [Jiyva's grace]
   323 | D        | Gained mutation: You evolve. [Jiyva's grace]
   323 | D        | Gained mutation: You can translocate small distances at will. [Jiyva's grace]
   325 | D        | Lost mutation: Your pliable body absorbs attacks (AC +1, EV +1). [Jiyva's grace]
   328 | D        | Lost mutation: Your body is mostly covered in golden eyeballs (Acc +5). [Jiyva's grace]
   328 | D        | Gained mutation: You have a small jelly attached to you that senses nearby items. [Jiyva's grace]
   331 | D        | Entered arena 9.
   331 | D        | Noticed a water moccasin
   331 | D        | Noticed a black mamba
   331 | D        | Noticed a naga
   331 | D        | Lost mutation: You can spit poison. [Jiyva's grace]
   333 | D        | Lost mutation: You have a small jelly attached to you that senses nearby items. [Jiyva's grace]
   333 | D        | Lost mutation: You have large cloven feet. [Jiyva's grace]
   334 | D        | Lost mutation: You can breathe flames. [Jiyva's grace]
   339 | D        | Gained mutation: You have large cloven feet. [Jiyva's grace]
   342 | D        | Lost mutation: Your body is partially covered in golden eyeballs (Acc +3). [Jiyva's grace]
   343 | D        | Killed a black mamba
   343 | D        | Reached skill level 10 in Fighting
   347 | D        | Killed a water moccasin
   353 | D        | Lost mutation: You have large cloven feet. [Jiyva's grace]
   355 | D        | Killed a naga
   362 | D        | Entered arena 10.
   362 | D        | Noticed a yak
   362 | D        | Noticed a giant frog
   362 | D        | Noticed an iguana
   362 | D        | Gained mutation: You have a small jelly attached to you that senses nearby items. [Jiyva's grace]
   363 | D        | Lost mutation: You have acidic saliva. [Jiyva's grace]
   363 | D        | Gained mutation: You can spit poison. [Jiyva's grace]
   365 | D        | Gained mutation: You can spit moderately strong poison. [Jiyva's grace]
   365 | D        | Lost mutation: You can spit moderately strong poison. [Jiyva's grace]
   368 | D        | Gained mutation: Your body is partially covered in golden eyeballs (Acc +3). [Jiyva's grace]
   371 | D        | Killed a yak
   371 | D        | Reached skill level 13 in Unarmed Combat
   371 | D        | Gained mutation: Armour fits poorly on your pseudopods. [Jiyva's grace]
   373 | D        | Killed a giant frog
   374 | D        | Lost mutation: You evolve. [Jiyva's grace]
   377 | D        | Killed an iguana
   382 | D        | Gained mutation: You are dopey. (Int -2) [Jiyva's grace]
   386 | D        | Lost mutation: You can spit poison. [Jiyva's grace]
   386 | D        | Gained mutation: You have sharp toenails. [Jiyva's grace]
   393 | D        | Entered arena 11.
   393 | D        | Noticed a mottled dragon
   393 | D        | Noticed a steam dragon
   393 | D        | Noticed a steam dragon
   393 | D        | Noticed a death drake
   393 | D        | Noticed a mottled dragon
   393 | D        | Noticed a five-headed hydra
   393 | D        | Noticed a swamp drake
   393 | D        | Noticed a death drake
   393 | D        | Gained mutation: Your flesh is heat resistant. [Jiyva's grace]
   394 | D        | Noticed a death drake
   394 | D        | Noticed a swamp dragon
   396 | D        | Gained mutation: Your muscles are strong. (Str +2) [Jiyva's grace]
   396 | D        | Lost mutation: You are dopey. (Int -2) [Jiyva's grace]
   397 | D        | Lost mutation: Your muscles are strong. (Str +2) [Jiyva's grace]
   398 | D        | Gained mutation: Your body is mostly covered in golden eyeballs (Acc +5). [Jiyva's grace]
   398 | D        | Gained mutation: Your pliable body absorbs attacks (AC +1, EV +1). [Jiyva's grace]
   399 | D        | Gained mutation: You have an increased reservoir of magic (+10% MP). [Jiyva's grace]
   400 | D        | Killed a mottled dragon
   403 | D        | Killed a five-headed hydra
   404 | D        | Gained mutation: You can breathe flames. [Jiyva's grace]
   405 | D        | Lost mutation: Your flesh is heat resistant. [Jiyva's grace]
   408 | D        | Killed a death drake
   408 | D        | Gained mutation: You have a pair of horns on your head. [demonic ancestry]
   408 | D        | Reached XP level 10. HP: 85/85 MP: 11/11
   410 | D        | Killed a death drake
   410 | D        | Reached skill level 14 in Unarmed Combat
   410 | D        | Lost mutation: You have an increased reservoir of magic (+10% MP). [Jiyva's grace]
   410 | D        | Lost mutation: You can breathe flames. [Jiyva's grace]
   413 | D        | Lost mutation: You have sharp toenails. [Jiyva's grace]
   413 | D        | Lost mutation: Thin tendrils of slime have grown from your body. [Jiyva's grace]
   414 | D        | Gained mutation: You have acidic saliva. [Jiyva's grace]
   415 | D        | Killed a swamp dragon
   420 | D        | Killed a mottled dragon
   421 | D        | Killed a swamp drake
   424 | D        | Lost mutation: You can translocate small distances at will. [Jiyva's grace]
   426 | D        | Killed a steam dragon
   429 | D        | Killed a death drake
   432 | D        | Killed a steam dragon
   433 | D        | Gained mutation: Your natural rate of healing is unusually fast. [Jiyva's grace]
   440 | D        | Gained mutation: Your system is resistant to poisons. [Jiyva's grace]
   452 | D        | Lost mutation: Your system is resistant to poisons. [Jiyva's grace]
   468 | D        | Entered arena 12.
   468 | D        | Noticed Snorg
   468 | D        | Noticed Crazy Yiuf
   468 | D        | Noticed Eustachio
   468 | D        | Noticed Agnes
   468 | D        | Noticed Purgy
   468 | D        | Noticed Psyche
   468 | D        | Noticed Sigmund
   468 | D        | Gained mutation: Your gelatinous body deflects attacks (AC +2, EV +2). [Jiyva's grace]
   468 | D        | Lost mutation: Your natural rate of healing is unusually fast. [Jiyva's grace]
   469 | D        | Noticed Saint Roka
   469 | D        | Noticed Kirke
   470 | D        | Gained mutation: You are agile. (Dex +2) [Jiyva's grace]
   471 | D        | Gained mutation: Your body is slowly deteriorating. [Jiyva's grace]
   472 | D        | Gained mutation: You can translocate small distances at will. [Jiyva's grace]
   475 | D        | Gained mutation: Your muscles are strong. (Str +2) [Jiyva's grace]
   478 | D        | Noticed a brown very ugly thing
   478 | D        | Mangled by Snorg

Action                   |  1- 3 |  4- 6 |  7- 9 | 10-12 || total
-------------------------+-------+-------+-------+-------++-------
Melee: Unarmed           |     2 |    26 |   110 |    25 ||   163
Invok: Jelly Paralyse    |     2 |       |       |       ||     2
       Request Jelly     |     1 |     1 |     7 |     1 ||    10
       Slimify           |       |       |     1 |       ||     1
 Abil: Breathe Fire      |       |       |     1 |       ||     1
       Evoke Berserk Rag |       |       |     1 |       ||     1
  Use: Potion            |     2 |     1 |       |       ||     3
 Stab: Sleeping          |       |     1 |       |       ||     1
       Confused          |       |       |     4 |     1 ||     5
